 Dungeon Crawl Stone Soup version 0.31-a0-569-g7ea453304b (webtiles) character file.

Game seed: 6222722078307373185

8 Ijustatesigmund the Stinger (level 2, -6/18 HPs)
             Began as an Octopode Venom Mage on Aug 18, 2023.
             Mangled by a kobold
             ... wielding a +0 short sword of electrocution
              (19 damage)
             ... on level 1 of the Dungeon.
             The game lasted 00:00:46 (670 turns).

Ijustatesigmund the Stinger (Octopode Venom Mage)    Turns: 670, Time: 00:00:47

Health: -6/18      AC:  1    Str:  7    XL:     2   Next: 8%
Magic:  3/5        EV: 13    Int: 17    God:
Gold:   21         SH:  0    Dex: 12    Spells: 2/5 levels left

rFire   . . .        d - +4 flail
rCold   . . .        (no shield)
rNeg    . . .        (helmet restricted)
rPois   .            (no amulet)
rElec   .            (no ring)
rCorr   .            (no ring)
SInv    .            (no ring)
Will    .....        (no ring)
Stlth   +++          (no ring)
HPRegen 0.23/turn    (no ring)
MPRegen 0.09/turn    (no ring)
                     (no ring)

%: no passive effects
@: no status effects
A: almost no armour, amphibious, 8 rings, camouflage 1, gelatinous body 1,
(nimble swimmer 1), tentacles
a: no special abilities


You were on level 1 of the Dungeon.
You visited 1 branch of the dungeon, and saw 1 of its levels.

You collected 21 gold pieces.

Inventory:

Hand Weapons
 d - a +4 flail (weapon)
Scrolls
 b - a scroll of fog {unknown}
 f - a scroll of silence {unknown}
Potions
 a - a potion of magic
 c - a potion of heal wounds {unknown}
 e - a potion of resistance {unknown}


   Skills:
 + Level 0.7 Fighting
 - Level 2.0 Dodging
 - Level 2.6 Stealth
 + Level 2.2 Spellcasting
 - Level 1.0 Transmutations
 + Level 0.0 Air Magic
 + Level 3.8 Poison Magic


You had 2 spell levels left.
You knew the following spells:

 Your Spells              Type           Power      Damage    Failure   Level
a - Sting                 Tmut/Pois      40%        1d5       7%          1
b - Poisonous Vapours     Pois/Air       16%        N/A       13%         2

Your spell library contained the following spells:

 Spells                   Type           Power      Damage    Failure   Level
 Mephitic Cloud           Conj/Pois/Air  6%         N/A       32%         3
 Olgreb's Toxic Radiance  Pois           15%        N/A       36%         4
 Inner Flame              Hex/Fire       1%         N/A       50%         3
 Flame Wave               Conj/Fire      1%         2d4       88%         4
 Sticky Flame             Conj/Fire      1%         2d3       88%         4
 Haunt                    Necr/Summ      0%         N/A       100%        7
 Borgnjor's Revivificati  Necr           0%         N/A       100%        8
 Death's Door             Necr           0%         N/A       100%        9


Dungeon Overview and Level Annotations

Branches:
Dungeon (1/15)

Altars:


Innate Abilities, Weirdness & Mutations

You cannot wear most types of armour.
You are amphibious.
You can wear up to eight rings at the same time.
Your skin changes colour to match your surroundings (Stealth+).
Your rubbery body absorbs attacks. (AC +1, EV +1)
((You are camouflaged when in or above water. (Stealth+)))
You have tentacles for arms and can constrict up to eight enemies at once.


Message History

No target in view!
No target in view!
No target in view!
No target in view!
No target in view!
You see here a bat corpse.
You pick up a book of Flames and begin reading...
You add the spells Inner Flame, Sticky Flame and Flame Wave to your library.
Found a stone staircase leading down.
Found a chain mail.
You now have 21 gold pieces (gained 8).
You see here a +0 chain mail.
Found a stone staircase leading down.
e - a coppery potion You open the door.
A frilled lizard comes into view.
Found a stone staircase leading down.
The frilled lizard hisses angrily.
The frilled lizard barely misses you.
You closely miss the frilled lizard. Your grab misses the frilled lizard.
The frilled lizard bites you but does no damage.
The frilled lizard closely misses you.
You completely miss the frilled lizard. Your grab misses the frilled lizard.
Your squeeze misses the frilled lizard. The frilled lizard closely misses you.
You sock the frilled lizard!
You kill the frilled lizard!
f - a scroll labelled DUS DUMIGI A kobold comes into view.
It is wielding a +0 short sword of electrocution.
Casting: Sting (safe; 7% risk of failure)
Confirm with . or Enter, or press ? or * to list all spells.
Aiming: Poisonous Vapours (safe; 13% risk of failure)
Press: ? - help, Dir - move target, f - kobold
Aim: a kobold, wielding a +0 short sword of electrocution and quivering stones (asleep) Poisonous vapours surround the kobold!
The kobold is poisoned.
The kobold shouts!
The kobold throws a stone.
The stone closely misses you.
The kobold hits you with a +0 short sword of electrocution.
You are electrocuted!!
Ouch! That really hurt!
You die...

#.# #...# #.####
#...###
###....#####......
..#..........#.###
#.##...#####......
# #.##...# #.#....
#. #.##...#
#.##### ..
#K##...# #......
#.#@##...# #######
#.....#### #
#!....# # #.....#
# .........# #
##.##....# # #.
...... ... #
#.#.#### ### #.#.


You could see a kobold (poisoned).

Vanquished Creatures
  A giant cockroach (D:1)
  A goblin (D:1)
  A quokka (D:1)
  2 bats (D:1)
  2 frilled lizards (D:1)
  A kobold (D:1)
  A rat (D:1)
9 creatures vanquished.

Notes
Turn   | Place    | Note
-------+----------+-------------------------------------------
     0 | D:1      | Ijustatesigmund the Octopode Venom Mage began the quest for
                  | the Orb.
     0 | D:1      | Reached XP level 1. HP: 11/11 MP: 3/3
   179 | D:1      | Reached XP level 2. HP: 18/18 MP: 0/5
   182 | D:1      | Learned a level 2 spell: Poisonous Vapours
   670 | D:1      | Mangled by a kobold

Illustrated notes

Levels and vault maps discovered:
D:1:      minmay_arrival_open_corners, layout_basic, minmay_domino_4

Action                     || total
---------------------------++-------
  Melee: Unarmed           ||     5
         Constrict         ||     2
         Tentacles         ||     2
         Flail             ||     4
   Cast: Sting             ||     6
         Poisonous Vapours ||     1
   Stab: Sleeping          ||     1
 Armour: Skin              ||     2
  Dodge: Dodged            ||     6

Table legend: (Time is in decaauts)
 A = Elapsed time spent in this place.
 B = Non-inter-level travel time spent in this place.
 C = Inter-level travel time spent in this place.
 D = Time resting spent in this place.
 E = Time spent auto-exploring this place.
 F = Levels seen in this place.
 G = Mean time per level.
                   A        B        C        D        E       F      G
               +--------+--------+--------+--------+--------+-----+--------+
         Total |    671 |    671 |      0 |      0 |    589 |   1 |  671.0 |
       Dungeon |    671 |    671 |      0 |      0 |    589 |   1 |  671.0 |
               +--------+--------+--------+--------+--------+-----+--------+

Top non-repeatable levels by time:
     D:1: 671 daAuts
